 Dungeon Crawl Stone Soup version 0.16.1-28-gcc2312f (webtiles) character file.

1221 SirLight the Basher (level 8, 0/46 HPs)
             Began as a Gargoyle Fighter on May 26, 2015.
             Slain by a goliath beetle (20 damage)
             ... on level 6 of the Dungeon.
             The game lasted 00:10:40 (4128 turns).

SirLight the Basher (Gargoyle Fighter)              Turns: 4128, Time: 00:10:40

Health: 0/46       AC: 14    Str: 20    XL:     8   Next: 47%
Magic:  8/8        EV:  8    Int:  9    God:
Gold:   252        SH:  9    Dex: 11    Spells: 0 memorised, 7 levels left

rFire  . . .     SeeInvis .     a - +0 flail
rCold  . . .     Clarity  .     b - +0 scale mail
rNeg   + . .     SustAb   .     c - +0 shield
rPois  ∞         Gourm    .     l - +1 hat
rElec  +         Spirit   .     g - +0 cloak
rCorr  .         Warding  .     (no gloves)
rMut   .         Stasis   .     (no boots)
MR     .....                    (no amulet)
Stlth  ..........               (no ring)
                                (no ring)

@: not resistant to hostile enchantments, extremely unstealthy
A: negative energy resistance 1, electricity resistance, unbreathing,
petrification resistance, rot immunity, AC +5
a: no special abilities


You were on level 6 of the Dungeon.
You were very hungry.

You visited 1 branch of the dungeon, and saw 6 of its levels.

You collected 252 gold pieces.

Inventory:

Hand weapons
 a - a +0 flail (weapon)
Armour
 b - a +0 scale mail (worn)
 c - a +0 shield (worn)
 g - a +0 cloak (worn)
 l - a +1 hat (worn)
Magical devices
 h - a wand of lightning (5)
 r - a wand of flame (23)
 t - a wand of polymorph (10)
 y - a wand of lightning (10)
 B - a wand of slowing (35)
Scrolls
 f - 3 scrolls of teleportation
 i - 2 scrolls of fear
 j - a scroll of remove curse
 o - a scroll of random uselessness
 q - 2 scrolls of magic mapping
 A - 2 scrolls of enchant armour
Potions
 e - a potion of might
 k - a potion of resistance {unknown}
 n - a potion of cancellation {unknown}
 p - a potion of curing {unknown}
 s - a potion of restore abilities {unknown}
 u - 2 potions of poison {unknown}
 v - a potion of brilliance {unknown}
 z - a potion of heal wounds {unknown}
 D - 2 potions of haste {unknown}
Books
 C - a book of Burglary

   Spells                             Type                      Level
   a - Swiftness                      Charms/Air                   2
   b - Passwall                       Transmutation/Earth          3
   c - Passage of Golubria            Translocation                4
   d - Lee's Rapid Deconstruction     Earth                        5
   e - Invisibility                   Hexes                        6
   f - Darkness                       Hexes                        7
Comestibles
 d - 5 bread rations
 m - 2 slices of pizza
 w - a fruit
 x - a beef jerky


   Skills:
 + Level 3.3 Fighting
 - Level 9.5 Maces & Flails
 - Level 3.2 Armour
 - Level 2.3 Dodging
 - Level 0.5 Stealth
 - Level 3.2 Shields


You had 7 spell levels left.
You didn't know any spells.

Dungeon Overview and Level Annotations

Branches:
Dungeon (6/15)
 Temple: D:4-7

Altars:
Dithmenos
Kikubaaqudgha
Nemelex Xobeh
Trog
Jiyva

Annotations:
D:2 Sigmund


Innate Abilities, Weirdness & Mutations

You are resistant to torment.
You are immune to poison.
Your stone body is very resilient (AC +5).
You resist negative energy.
You are resistant to electric shocks.
You can survive without breathing.
You are immune to petrification.
You are immune to rotting.


Message History

The goliath beetle is lightly wounded.
You hit the goliath beetle.
The goliath beetle is lightly wounded.
You hit the goliath beetle.
The goliath beetle is moderately wounded.
You block the goliath beetle's attack.
You hit the goliath beetle.
The goliath beetle is moderately wounded.
You hit the goliath beetle but do no damage.
The goliath beetle is moderately wounded.
The goliath beetle bites you!!
You sock the goliath beetle!
The goliath beetle is heavily wounded.
You block the goliath beetle's attack.
You hit the goliath beetle.
The goliath beetle is severely wounded.
You hit the goliath beetle but do no damage.
The goliath beetle is severely wounded.
The goliath beetle bites you!!
You die...

#.#.#.##.#..### ##...# ###...
...##.#.#.### #...# ##.....
...##..##..## # #...###....##
........#.#.#.## ##..###...###
..........#..##. ##..## #..##
............#...###..## #..#
............#..#.#..## #.##
......).†.....#....## #.#
..#...........##@.#.# #.##
..##............B..## #..#
................#.## ##..#
................##.# ###...###
...........##...##..###.......#
.......#...##...<###....###......
.......#.............#### ##.....
............##......## #....
..... ......##.[...## #..


You could see a goliath beetle.

Vanquished Creatures
  A sky beast (D:6)
  2 phantoms (D:5)
  2 ice beasts
  An ogre (D:4)
  A centaur (D:5)
  A scorpion (D:4)
  A jelly (D:4)
  An orc priest (D:6)
  2 centaur skeletons
  A centaur zombie (D:6)
  Natasha (twice) (D:3)
  4 worker ants
  3 orc wizards
  8 adders
  A shadow imp (D:5)
  2 worms
  5 giant geckos
  5 oozes
  18 orcs
  3 ball pythons
  4 bats
  6 giant cockroaches
  12 hobgoblins
  3 jackals (D:1)
  5 giant newts
  9 goblins
  9 kobolds
  A quokka (D:5)
  12 rats
125 creatures vanquished.

Notes
Turn   | Place    | Note
--------------------------------------------------------------
     0 | D:1      | SirLight, the Gargoyle Fighter, began the quest for the Orb.
     0 | D:1      | Reached XP level 1. HP: 14/14 MP: 1/1
   121 | D:1      | Reached XP level 2. HP: 17/19 MP: 2/2
   410 | D:1      | Reached skill level 1 in Dodging
   423 | D:1      | Reached XP level 3. HP: 18/23 MP: 3/3
   953 | D:2      | Found a bloodstained altar of Trog.
  1023 | D:2      | Reached XP level 4. HP: 20/28 MP: 4/4
  1032 | D:2      | Noticed Sigmund
  1641 | D:3      | Noticed Natasha
  1647 | D:3      | Killed Natasha
  1647 | D:3      | Reached XP level 5. HP: 29/32 MP: 5/5
  1657 | D:3      | Found a shadowy altar of Dithmenos.
  1658 | D:3      | Found an ancient bone altar of Kikubaaqudgha.
  1686 | D:3      | Found a sparkling altar of Nemelex Xobeh.
  1733 | D:3      | Reached skill level 4 in Maces & Flails
  1823 | D:3      | Noticed Natasha
  1827 | D:3      | Killed Natasha
  2224 | D:4      | Reached skill level 5 in Maces & Flails
  2273 | D:4      | Reached XP level 6. HP: 34/37 MP: 6/6
  2391 | D:4      | Found a viscous altar of Jiyva.
  2391 | D:4      | Noticed an ogre
  2410 | D:4      | Killed an ogre
  2415 | D:4      | Reached skill level 6 in Maces & Flails
  2749 | D:5      | Entered Level 5 of the Dungeon
  2782 | D:5      | Reached XP level 7. HP: 39/41 MP: 7/7
  2887 | D:5      | Reached skill level 7 in Maces & Flails
  3268 | D:5      | Reached skill level 8 in Maces & Flails
  3483 | D:5      | Reached XP level 8. HP: 38/46 MP: 8/8
  3640 | D:6      | Reached skill level 9 in Maces & Flails
  4128 | D:6      | Slain by a goliath beetle

Action                   |  1- 3 |  4- 6 |  7- 9 || total
-------------------------+-------+-------+-------++-------
Melee: Flail             |   128 |   182 |   251 ||   561
  Use: Scroll            |       |    10 |       ||    10
  Eat: Chunk             |     1 |     6 |     3 ||    10
